 Dungeon Crawl Stone Soup version 0.20-a0-984-ge8aa303 (webtiles) character file.

71 MTVSty1e the Shield-Bearer (level 4, -7/37 HPs)
             Began as a Formicid Fighter on Apr 10, 2017.
             Was an Initiate of Okawaru.
             Killed by nerve-wracking pain
             ... invoked by Grinder
              (12 damage)
             ... on level 3 of the Dungeon.
             The game lasted 00:03:47 (1491 turns).

MTVSty1e the Shield-Bearer (Formicid Fighter)       Turns: 1491, Time: 00:03:49

Health: -7/37      AC:  0    Str: 27    XL:     4   Next: 47%
Magic:  4/4        EV: 18    Int:  7    God:    Okawaru [......]
Gold:   81         SH:  0    Dex: 15    Spells: 3/3 levels left

rFire    . . .     SeeInvis .   (weapon currently unavailable)
rCold    . . .     Gourm    .   (shield currently unavailable)
rNeg     . . .     Faith    .   (armour currently unavailable)
rPois    .         Spirit   .   (helmet unavailable)
rElec    .         Reflect  .   (cloak currently unavailable)
rCorr    .         Harm     .   (gloves currently unavailable)
MR       .....                  (boots currently unavailable)
Stlth    +.........             (no amulet)
Regen    0.2/turn               (ring currently unavailable)
MPRegen  0.1/turn               (ring currently unavailable)

@: mighty, bat-form, flying, very quick
A: permanent stasis, dig shafts and tunnels, four strong arms
a: Renounce Religion


You were on level 3 of the Dungeon.
You worshipped Okawaru.
Okawaru was noncommittal.
You were not hungry.
You were in bat-form.
You visited 1 branch of the dungeon, and saw 3 of its levels.

You collected 81 gold pieces.

Inventory:

Hand Weapons
 a - a +0 war axe (melded)
Armour
 b - a +0 scale mail (melded)
 c - a +0 shield (melded)
Scrolls
 e - a scroll of recharging {unknown}
 h - a scroll of identify {unknown}
 i - 2 scrolls of fog {unknown}
 k - a scroll of magic mapping {unknown}
Potions
 g - a potion of mutation {unknown}
 l - a potion of cancellation {unknown}
Comestibles
 f - 2 bread rations
 j - a meat ration


   Skills:
 * Level 4.1 Fighting
 + Level 2.4 Axes
 + Level 3.6 Armour
 + Level 1.0 Dodging
 + Level 4.3 Shields


You had 3 spell levels left.
You didn't know any spells.

Dungeon Overview and Level Annotations

Branches:
Dungeon (3/15)

Altars:
Gozag
Makhleb
Okawaru
Trog

Annotations:
D:3 Grinder


Innate Abilities, Weirdness & Mutations

You cannot be hasted, slowed, berserked, paralysed or teleported.
You can dig through walls and to a lower floor.
Your four strong arms can wield two-handed weapons with a shield.
((You have a pair of large antennae on your head. (SInv)))


Message History

Okawaru accepts your kill. Grinder hits you!
You are too injured to fight recklessly!
You are too injured to fight recklessly!
You are too injured to fight recklessly!
You hit Grinder.
Grinder is moderately wounded.
Grinder closely misses you.
You hit Grinder.
Grinder is heavily wounded.
Grinder hits you!
* * * LOW HITPOINT WARNING * * *
You writhe in agony.
* * * LOW HITPOINT WARNING * * *
You see here 12 gold pieces.
Grinder blinks!
You see here a cyan potion.
Grinder gestures at you. Pain shoots through your body!
You die...

.... #..###
#....###
#.....#
#.....#
#...<.#
###.### .
######.###
..#.....b.!#
.....5†.!..#
..#....$...#
#........#
#.?...§..#
#...[....#
#........#
#........#
#........#


You could see Grinder.

Vanquished Creatures
  2 adders (D:2)
  An ooze (D:3)
  2 worms (D:2)
  A dart slug (D:2)
  A giant cockroach (D:1)
  9 goblins
  6 hobgoblins
  A quokka (D:2)
  3 bats
  A frilled lizard (D:2)
  7 kobolds
  6 rats
  2 plants (D:2)
42 creatures vanquished.

Notes
Turn   | Place    | Note
-------+----------+-------------------------------------------
     0 | D:1      | MTVSty1e the Formicid Fighter began the quest for the Orb.
     0 | D:1      | Reached XP level 1. HP: 18/18 MP: 1/1
   226 | D:1      | Reached XP level 2. HP: 23/24 MP: 2/2
   776 | D:2      | Reached XP level 3. HP: 30/30 MP: 3/3
   880 | D:2      | Found a burning altar of Makhleb.
   897 | D:2      | Reached XP level 4. HP: 17/37 MP: 4/4
  1051 | D:2      | Found an opulent altar of Gozag.
  1161 | D:2      | Reached skill level 1 in Dodging
  1346 | D:2      | Found an iron altar of Okawaru.
  1353 | D:2      | Found a bloodstained altar of Trog.
  1375 | D:2      | Became a worshipper of Warmaster Okawaru
  1477 | D:3      | Noticed Grinder
  1491 | D:3      | Killed from afar by Grinder

Vault maps used:
D:1:      grunt_arrival_lava_bath, minmay_close_crescents
D:2:      nicolae_overflow_hidden_temple, nicolae_gozag_seed_capital,
          grunt_temple_overflow_open, serial_forest, infiniplex_forest_split,
          infiniplex_forest_end_2, infiniplex_forest_lined_2,
          infiniplex_forest_clump_medium, infiniplex_forest_lined_ring,
          infiniplex_forest_zigzag_2, infiniplex_forest_straight_5
D:3:      lemuel_crystal_altar, portal_sewer_entry_e, uniq_grinder

Skill      XL: |  1  2  3  4 |
---------------+-------------+-----
Shields        | 4 |  4.3
Fighting       | 4 |  4.1
Dodging        | 1 |  1.0
Axes           | |  2.4
Armour         | |  3.6

Action                   |  1- 3 |  4- 6 || total
-------------------------+-------+-------++-------
Melee: War axe           |    44 |    77 ||   121
       Unarmed           |       |     5 ||     5
 Abil: Dig               |       |     1 ||     1
  Use: Potion            |       |     1 ||     1
  Eat: Royal jelly       |       |     1 ||     1
Armor: Scale mail        |    16 |    24 ||    40
Dodge: Dodged            |    20 |    22 ||    42
Block: Shield            |    26 |    35 ||    61
